AoeStats
← Coniopolis

Arabia

510427524Analyzed
1v1 RM · 18h ago on Oct 1, 2026· 51m 42s· 2 players
Game mode
Random Map
Map size
Tiny (2 player)
Population
200
Speed
Normal
Resources
Standard
Victory
Conquest
Starting age
Dark Age
Ending age
Imperial Age
RankedLock teamsTeams togetherTeam positionsShared explorationLock speedFull tech treeHidden civsTurbo modeCheats
Victory
Defeat
🇩🇪 Britons · Germany
1065
+18
🇦🇷 Japanese · Argentina
1099
-18
Coniopolis
6:29 Loom
10:07 Feudal Age
10:23 Man-at-Arms
11:39 Arson
11:49 Double-Bit Axe
14:55 Fletching
15:06 Scale Mail Armor
15:03 Horse Collar
18:22 Padded Archer Armor
24:19 Castle Age
25:10 Husbandry
24:43 Elite Skirmisher
24:46 Long Swordsman
25:28 Squires
26:02 Thumb Ring
26:39 Gambesons
28:09 Scale Barding Armor
29:11 Bow Saw
31:40 Stone Mining
31:40 Gold Mining
32:16 Bloodlines
33:21 Heavy Plow
36:43 Forging
37:39 Wheelbarrow
38:40 Chain Barding Armor
39:13 Heavy Plow
40:55 Iron Casting
40:37 Chain Mail Armor
41:02 Town Watch
41:17 Murder Holes
42:56 Leather Archer Armor
45:29 Bodkin Arrow
47:28 Gold Shaft Mining
51:27 Imperial Age
49:15 Hand Cart
54:41 Imperial Age
Eugene
0:30 Loom
10:12 Feudal Age
10:55 Double-Bit Axe
15:52 Fletching
18:19 Padded Archer Armor
25:22 Castle Age
24:10 Gold Mining
26:48 Pikeman
27:52 Stone Mining
29:48 Ballistics
30:46 Wheelbarrow
31:24 Crossbowman
32:23 Bow Saw
33:30 Bodkin Arrow
34:07 Town Watch
34:33 Horse Collar
35:25 Squires
35:30 Scale Mail Armor
36:29 Chain Mail Armor
37:18 Fervor
38:50 Yeomen
39:16 Gold Shaft Mining
38:57 Forging
43:10 Imperial Age
41:57 Sanctity
41:59 Leather Archer Armor
43:23 Iron Casting
44:52 Two-Man Saw
44:20 Conscription
45:27 Bracer
47:03 Chemistry
46:10 Warwolf
47:10 Ring Archer Armor
47:57 Arbalester
50:08 Masonry
Connection lost

Rejoining the realm…

Still unreachable

The connection could not be restored.

Session expired

The server has moved on; the page needs a fresh start.